 Dungeon Crawl Stone Soup version 0.24-a0-346-ge062c78e24 (webtiles) character file.

11463 Geomchi the Nimble (level 11, 89/89 HPs)
             Began as a Vampire Summoner on Jan 4, 2019.
             Was a Priest of Sif Muna.
             Quit the game on level 3 of the Lair of Beasts on May 22, 2019.
             The game lasted 00:39:15 (26806 turns).

Geomchi the Nimble (Vampire Summoner)              Turns: 26806, Time: 00:39:16

Health: 89/89      AC:  8    Str:  7    XL:     11   Next: 49%
Magic:  19/19      EV: 23    Int: 26    God:    Sif Muna [***...]
Gold:   831        SH:  0    Dex: 20    Spells: 7/21 levels left

rFire    . . .     SeeInvis +   d - -1 hand axe (curse)
rCold    + + +     Gourm    .   (no shield)
rNeg     + + +     Faith    +   x - +2 robe {MR+}
rPois    ∞         Spirit   .   i - +0 helmet
rElec    .         Reflect  .   t - +1 cloak {rPois}
rCorr    .         Harm     .   H - +0 pair of gloves (curse)
MR       +....                  (no boots)
Stlth    +++++.....             k - amulet of faith
HPRegen  0.00/turn              l - +5 ring of dexterity
MPRegen  0.16/turn              g - ring "Useh" {+Fly rPois rC+ MR- Int+5}

@: bloodless, non-regenerating, divine energy
A: fangs 3, see invisible, unbreathing
a: Bat Form, Stop Divine Energy, Channel Magic, Renounce Religion, Evoke Flight


You were on level 3 of the Lair of Beasts.
You worshipped Sif Muna.
Sif Muna was most pleased with you.
You were bloodless.

You visited 3 branches of the dungeon, and saw 15 of its levels.
You also visited: Ice Cave.

You collected 831 gold pieces.

Inventory:

Hand Weapons
 d - a cursed -1 hand axe (weapon)
 B - a +2 trident of freezing
Armour
 i - a +0 helmet (worn)
 t - a +1 cloak of poison resistance (worn)
 x - a +2 robe of magic resistance (worn)
 G - a scarf of spirit shield
 H - a cursed +0 pair of gloves (worn)
Jewellery
 g - the ring "Useh" (right hand) {+Fly rPois rC+ MR- Int+5}
   (You acquired it on level 8 of the Dungeon)

   [ring of protection from cold]

   It affects your intelligence (+5).
   It protects you from cold.
   It protects you from poison.
   It affects your resistance to hostile enchantments.
   It lets you fly.
 k - an amulet of faith (around neck)
 l - a +5 ring of dexterity (left hand)
 o - a +3 ring of dexterity
 q - an uncursed amulet of rage {unknown}
Wands
 j - a wand of flame (26)
 s - a wand of disintegration (12)
 z - a wand of polymorph (20)
 E - a wand of scattershot (14)
 J - a wand of random effects (13)
 K - a wand of paralysis (5)
Scrolls
 a - a scroll of immolation
 b - 2 scrolls of noise
 f - 5 scrolls of remove curse
 p - 4 scrolls of blinking
 u - a scroll of fear
 y - a scroll of enchant weapon {unknown}
 A - 3 scrolls of amnesia
 C - 2 scrolls of magic mapping {unknown}
 D - 2 scrolls of enchant armour
Potions
 c - 9 potions of blood
 e - 3 potions of mutation
 h - 2 potions of magic
 m - 4 potions of ambrosia
 n - a potion of brilliance
 r - 3 potions of might
 v - a potion of curing
 w - a potion of flight
 F - 3 potions of agility
 I - a potion of invisibility {unknown}


   Skills:
 * Level 9.0 Fighting
 * Level 12.4 Dodging
 - Level 3.0 Stealth
 - Level 5.7 Spellcasting
 - Level 8.0 Summonings
 - Level 4.5 Ice Magic
 - Level 2.6 Air Magic


You had 7 spell levels left.
You knew the following spells:

 Your Spells              Type           Power        Failure   Level  Hunger
a - Call Imp              Summ           #####...     1%          2    None
b - Summon Small Mammal   Summ           ####         1%          1    None
c - Call Canine Familiar  Summ           #####...     1%          3    #......
d - Summon Ice Beast      Ice/Summ       #####...     5%          4    ###....
e - Summon Lightning Spi  Summ/Air       #####...     8%          4    ###....

Your spell library contained the following spells:

 Spells                   Type           Power        Failure   Level  Hunger
 Summon Guardian Golem    Hex/Summ       ####....     4%          3    #......
 Animate Skeleton         Necr           N/A          7%          1    None
 Confusing Touch          Hex            #.....       7%          1    None
 Pain                     Necr           #...         7%          1    None
 Confuse                  Hex            #.......     22%         3    #......
 Gell's Gravitas          Tloc           #.........   22%         3    #......
 Regeneration             Chrm/Necr      #.........   22%         3    #......
 Vampiric Draining        Necr           #.........   22%         3    #......
 Animate Dead             Necr           N/A          56%         4    ###....
 Petrify                  Tmut/Erth      #.......     56%         4    ###....
 Metabolic Englaciation   Hex/Ice        ###.......   61%         5    #####..
 Yara's Violent Unravell  Hex/Tmut       #.........   89%         5    #####..


Dungeon Overview and Level Annotations

Branches:
Dungeon (10/15)            Temple (1/1) D:6            Lair (4/6) D:10
 Shoals (0/4) Lair:2       Spider (0/4) Lair:2
    Orc: D:9-12

Altars:
Ashenzari
Cheibriados
Dithmenos
Elyvilon
Fedhas
Gozag
Hepliaklqana
Kikubaaqudgha
Makhleb
Nemelex Xobeh
Okawaru
Qazlal
Ru
Sif Muna
Trog
Uskayaw
Vehumet
Wu Jian
Xom
Yredelemnul
Zin
The Shining One

Annotations:
Lair:2 exclusion: 2 oklob plants
Lair:3 2 transporters, Awomuuj's ghost, journeyman HaHu


Innate Abilities, Weirdness & Mutations

You do not heal naturally.
You are immune to poison.
You have razor-sharp teeth.
You have supernaturally acute eyesight. (SInv)
You can survive without breathing.


Message History

Done waiting.
You miscast Summon Ice Beast.
You are very lightly contaminated with residual magic.
Frost covers your body.
You now have 15/19 mp.
You start resting.
MP restored: 19 Your magical contamination has completely faded away.
You feel devoid of blood!
You can't go down here!
(D) Dungeon (T) Temple (L) Lair (A) Shoals (N) Spider Nest
Where to? (Enter - Lair:3 @ (x,y), ? - help)
There is a stone staircase leading down here.
Saving game... please wait.
Level annotation: 2 transporters, Awomuuj's ghost, journeyman HaHu Welcome back, Geomchi the Vampire Summoner.
Sif Muna whispers: I know many secrets...
Enter note: q
Enter note:

######### ###### ###### ###
.#.P.##.#####....######.##.####..
.................................
.................................
##....P.#.P.##..@....#...........
#.....#####..##.....###..........
##.....#P#..##.............♣...♣♣
##..........'.P..........♣♣.♣.♣♣♣
#.....###...#.......#....♣♣♣..♣♣♣
##....#####.###.....#.....♣♣....♣
#......# #####...................
#.....####P#.#......##....♣♣...♣♣
#....................P....♣♣..♣♣♣


There were no monsters in sight!

Vanquished Creatures
  A phantom (D:5)
  2 killer bees (Lair:2)
  A river rat (Lair:3)
  2 adders (D:4)
  A dart slug (D:1)
  2 leopard geckos
  An orc (D:3)
  A bat (D:1)
  A giant cockroach (D:1)
  3 goblins
  2 hobgoblins (D:1)
  A jackal (D:3)
  A frilled lizard (D:1)
  3 kobolds
  A quokka zombie (D:5)
  A rat (D:1)
24 creatures vanquished.

Vanquished Creatures (collateral kills)
  3 hydras
  2 oklob plants (D:10)
  A centaur zombie (D:10)
  Maurice (D:10)
  2 black mambas (Lair:2)
  An elephant (Lair:2)
  4 spiny frogs
  3 polar bears (IceCv)
  A queen bee (Lair:2)
  Grinder (D:6)
  3 jumping spiders (Lair:2)
  3 blink frogs (Lair:3)
  5 hippogriffs (Lair:2)
  The ghost of feta the Changer, an amateur OpTm (D:3)
  A meliai zombie (D:10)
  A redback (Lair:2)
  Sigmund (D:3)
  3 wyverns
  Grum (D:10)
  23 yaks
  3 basilisks
  A human (D:6)
  A steam dragon (Lair:2)
  4 water moccasins
  A swamp drake (Lair:3)
  2 porcupines
  3 orc warriors
  2 black bears (D:9)
  3 sky beasts
  2 phantoms
  23 wolves
  9 ice beasts
  A centaur (D:6)
  3 ogres
  4 crocodiles
  A big kobold (D:7)
  10 bullfrogs
  A wyvern skeleton (D:10)
  3 scorpions
  27 killer bees (Lair:2)
  4 wights (D:4)
  A howler monkey (D:8)
  3 bullfrog zombies
  3 crimson imps
  2 jellies
  Crazy Yiuf (D:3)
  3 hounds
  3 orc priests
  Terence (D:2)
  2 centaur skeletons
  3 iguanas
  7 orc wizards
  4 worker ants
  2 hell rats (Lair:1)
  2 hound skeletons
  2 worker ant zombies
  Robin (D:3)
  10 adders
  10 gnolls
  15 river rats
  4 shadow imps
  An ooze (D:3)
  2 adder zombies
  An adder skeleton (D:4)
  A worm (D:5)
  A dart slug (D:1)
  5 leopard geckos
  31 orcs
  8 bats
  6 giant cockroaches
  15 goblins
  12 hobgoblins
  A jackal (D:3)
  7 kobolds
  5 quokkas
  2 ball pythons
  3 frilled lizards
  A quokka zombie (D:7)
  11 rats
  5 plants (D:10)
366 creatures vanquished.

Vanquished Creatures (others)
  A yak (IceCv)
  A bush (Lair:2)
  A fungus (Lair:2)
  6 plants
9 creatures vanquished.

Grand Total: 399 creatures vanquished

Notes
Turn   | Place    | Note
-------+----------+-------------------------------------------
     0 | D:1      | Geomchi the Vampire Summoner began the quest for the Orb.
     0 | D:1      | Reached XP level 1. HP: 13/13 MP: 3/3
   788 | D:1      | Reached XP level 2. HP: 19/19 MP: 0/5
   792 | D:1      | Learned a level 2 spell: Call Imp
  2619 | D:2      | Found a bloodstained altar of Trog.
  2634 | D:2      | Noticed Terence
  2899 | D:2      | Reached XP level 3. HP: 17/24 MP: 1/6
  2904 | D:2      | Learned a level 3 spell: Call Canine Familiar
  3172 | D:2      | Killed Terence
  3227 | D:2      | Found a shadowy altar of Dithmenos.
  3872 | D:2      | Reached skill level 5 in Summonings
  3872 | D:2      | Reached XP level 4. HP: 29/30 MP: 1/8
  4691 | D:2      | Found a glowing silver altar of Zin.
  4694 | D:2      | Found a burning altar of Makhleb.
  4697 | D:2      | Found a white marble altar of Elyvilon.
  4898 | D:3      | Found a runed door.
  4996 | D:3      | Noticed Crazy Yiuf
  5009 | D:3      | Killed Crazy Yiuf
  5165 | D:3      | Reached XP level 5. HP: 28/35 MP: 10/10
  5171 | D:3      | Learned a level 4 spell: Summon Ice Beast
  5234 | D:3      | Found a runed door.
  5249 | D:3      | Identified the +1 helmet of Philately {Str+3}
  5249 | D:3      | Noticed Robin
  5261 | D:3      | Killed Robin
  5278 | D:3      | Noticed feta's ghost (amateur OpTm)
  5308 | D:3      | Killed feta's ghost
  5308 | D:3      | Reached skill level 1 in Ice Magic
  5308 | D:3      | Reached XP level 6. HP: 12/41 MP: 0/12
  5943 | D:3      | Noticed Sigmund
  5965 | D:3      | Killed Sigmund
  6346 | D:4      | Found a shimmering altar of Xom.
  6674 | D:4      | Reached XP level 7. HP: 46/46 MP: 6/14
  6756 | D:4      | Found a blossoming altar of Fedhas.
  7519 | D:4      | Reached skill level 5 in Spellcasting
  7768 | D:5      | Entered Level 5 of the Dungeon
  8859 | D:6      | Noticed an unseen horror
  8875 | D:6      | Noticed a human
  8875 | D:6      | an unseen horror changed into a human
  8886 | D:6      | Killed a human
  9069 | D:6      | Found a staircase to the Ecumenical Temple.
  9162 | Temple   | Entered the Ecumenical Temple
  9458 | Temple   | Became a worshipper of Sif Muna the Loreminder
  9583 | D:6      | Reached XP level 8. HP: 52/52 MP: 5/16
  9604 | D:6      | Learned a level 4 spell: Summon Lightning Spire
  9778 | D:6      | Reached skill level 1 in Air Magic
 10016 | D:6      | Noticed Grinder
 10043 | D:6      | Killed Grinder
 10594 | D:7      | Reached * piety under Sif Muna
 10916 | D:7      | Reached skill level 1 in Fighting
 11341 | D:7      | Found a radiant altar of Vehumet.
 12101 | D:8      | Identified a scroll of acquirement
 12106 | D:8      | Got a smoking golden ring
 12107 | D:8      | Identified the ring "Useh" {+Fly rPois rC+ MR- Int+5} (You
                  | acquired it on level 8 of the Dungeon)
 12574 | D:9      | Reached skill level 3 in Dodging
 13156 | D:9      | Reached XP level 9. HP: 63/63 MP: 8/17
 13162 | D:9      | Reached skill level 4 in Dodging
 13810 | D:9      | Found a bloodstained altar of Trog.
 14228 | D:10     | Entered Level 10 of the Dungeon
 14367 | D:10     | Reached skill level 5 in Dodging
 14965 | D:10     | Noticed a five-headed hydra
 14965 | D:10     | Noticed a cyclops
 14965 | D:10     | Noticed a four-headed hydra
 14965 | D:10     | Noticed Grum
 15070 | D:10     | Noticed Maurice
 15155 | D:10     | Killed Maurice
 15155 | D:10     | Reached skill level 6 in Dodging
 15349 | D:10     | Found a staircase to the Lair.
 15350 | D:10     | Noticed an oklob plant
 15355 | D:10     | Noticed an oklob plant
 15426 | D:10     | Killed an oklob plant
 15426 | D:10     | Reached skill level 5 in Fighting
 15534 | D:10     | Killed Grum
 15918 | D:10     | Killed a five-headed hydra
 15918 | D:10     | Reached skill level 7 in Dodging
 16637 | D:10     | Killed an oklob plant
 16637 | D:10     | Reached XP level 10. HP: 47/76 MP: 4/18
 16764 | Lair:1   | Entered Level 1 of the Lair of Beasts
 16771 | Lair:1   | Reached skill level 8 in Dodging
 17217 | Lair:1   | Reached ** piety under Sif Muna
 18111 | Lair:2   | Noticed a black mamba
 18120 | Lair:2   | Killed a black mamba
 18154 | Lair:2   | Noticed a spiny frog
 18164 | Lair:2   | Killed a spiny frog
 18168 | Lair:2   | Reached skill level 9 in Dodging
 18215 | Lair:2   | Noticed a four-headed hydra
 18222 | Lair:2   | Killed a four-headed hydra
 18342 | Lair:2   | Noticed an eight-headed hydra
 18348 | Lair:2   | Killed an eight-headed hydra
 18792 | Lair:2   | Noticed a spiny frog
 18799 | Lair:2   | Killed a spiny frog
 19025 | Lair:2   | Reached skill level 10 in Dodging
 19589 | Lair:2   | Noticed an oklob plant
 19589 | Lair:2   | Noticed an oklob plant
 20511 | Lair:2   | Reached XP level 11. HP: 49/86 MP: 2/19
 21131 | Lair:2   | Reached skill level 11 in Dodging
 21937 | Lair:2   | Found a staircase to the Shoals.
 22238 | Lair:2   | Found a hole to the Spider Nest.
 22991 | Lair:3   | Found a transporter.
 23581 | Lair:3   | Found a transporter.
 24206 | Lair:3   | Reached *** piety under Sif Muna
 24302 | Lair:3   | Reached skill level 12 in Dodging
 24819 | Lair:3   | Noticed Awomuuj's ghost (journeyman HaHu)
 25100 | Lair:4   | Found a frozen archway.
 25315 | IceCv    | Entered an ice cave
 26806 | Lair:3   | Upgraded the game from 0.23-a0-650-ga4d50d4d25 to
                  | 0.24-a0-346-ge062c78e24
 26806 | Lair:3   | q
 26806 | Lair:3   | Quit the game

Levels and vault maps discovered:
D:1:      dpeg_arrival_court
D:2:      grunt_dithmenos_smoke, grunt_temple_overflow_diamond,
          lightli_temple_of_fire, first_ration, minmay_tromino_v4_c,
          uniq_terence
D:3:      ebering_ghost_sewer_d, uniq_sigmund, uniq_robin,
          uniq_crazy_yiuf_cottage
D:4:      marbit_many_paths, overflow_temple_1_default
D:6:      minmay_temple_entry_antechambers, kennysheep_decorative_pillar,
          uniq_grinder
D:7:      basic_altar, hangedman_decor_peaks_small
D:8:      minmay_misc_feat_roman
D:9:      lightli_bailey_entry_fortress, trog_ov_bears_minmay
D:10:     minmay_chambers_of_sevens, dpeg_oklobed_lair, orc_0_dummy, uniq_grum,
          uniq_maurice
Temple:   regret_index_temple_waves
Lair:1:   kennysheep_rathole
Lair:2:   regret_index_harrowing_hell_hive, shoals_dummy_entry,
          nicolae_spider_entry_tight_spaces, enter_volcano_1
Lair:3:   gammafunk_ghost_berserking_beasts, nicolae_lair_grove_arrangements,
          pond, serial_bayou_shore_a
Lair:4:   portal_ice_cave_entry_ice_beasts

Skill      XL: |  1  2  3  4  5  6  7  8  9 10 11 |
---------------+----------------------------------+-----
Spellcasting   | 3 4 5 |  5.7
Summonings     | 5 6 7 8 |  8.0
Ice Magic      | 1 2 3 4 |  4.5
Air Magic      | 2 |  2.6
Fighting       | 3 6 8 9 |  9.0
Dodging        | 3 7 10 12 | 12.4
Stealth        | |  3.0

Action                   |  1- 3 |  4- 6 |  7- 9 | 10-12 || total
-------------------------+-------+-------+-------+-------++-------
Melee: Hand axe          |    48 |    22 |    45 |    52 ||   167
       Bite              |     2 |     2 |     6 |     9 ||    19
 Cast: Summon Small Mamm |    22 |     1 |       |       ||    23
       Call Imp          |    49 |    42 |    23 |     2 ||   116
       Call Canine Famil |     2 |    13 |    42 |    31 ||    88
       Summon Ice Beast  |       |       |   117 |   160 ||   277
       Summon Lightning  |       |       |     1 |     5 ||     6
Invok: Divine Energy     |       |       |     1 |       ||     1
Evoke: Wand              |       |     1 |     2 |       ||     3
  Use: Potion            |     2 |     6 |    13 |    13 ||    34
       Scroll            |       |       |    16 |     8 ||    24
 Stab: Sleeping          |     1 |       |     1 |       ||     2
       Distracted        |       |     1 |     3 |     3 ||     7
  Eat: Corpse            |       |     2 |     5 |     5 ||    12
Armor: Robe              |    26 |    19 |    23 |    42 ||   110
Dodge: Dodged            |    75 |    37 |   104 |   221 ||   437

Table legend:
 A = Non-vault XP
 B = Vault XP
 C = Vault XP percentage of total XP
 D = Non-vault monster count
 E = Vault monster count
 F = Vault count percentage of total count
                 A         B        C        D         E       F
            +---------+---------+-------+---------+---------+-------
      Total |    8885 |    7492 |  45.7 |     251 |     135 |  35.0
            +---------+---------+-------+---------+---------+-------
        D:1 |      39 |       0 |   0.0 |      30 |       0 |   0.0
        D:2 |      78 |      20 |  20.4 |      24 |       2 |   7.7
        D:3 |     160 |     363 |  69.4 |      25 |      16 |  39.0
        D:4 |     218 |      18 |   7.6 |      23 |       1 |   4.2
        D:5 |     284 |       0 |   0.0 |      23 |       0 |   0.0
        D:6 |     498 |     148 |  22.9 |      18 |       1 |   5.3
        D:7 |     269 |       0 |   0.0 |      20 |       0 |   0.0
        D:8 |     376 |       0 |   0.0 |      11 |       0 |   0.0
        D:9 |     648 |     166 |  20.4 |      14 |      14 |  50.0
       D:10 |     487 |    1855 |  79.2 |       7 |      14 |  66.7
     Lair:1 |     909 |     117 |  11.4 |      11 |      14 |  56.0
     Lair:2 |    3051 |    3296 |  51.9 |      20 |      51 |  71.8
     Lair:3 |    1632 |     302 |  15.6 |      21 |       6 |  22.2
     Lair:4 |     236 |     456 |  65.9 |       4 |       7 |  63.6
      IceCv |       0 |     751 | 100.0 |       0 |       9 | 100.0
            +---------+---------+-------+---------+---------+-------
